 Dungeon Crawl Stone Soup version 0.27-a0-869-g165b36e3f0 (webtiles) character file.

Game seed: 13198679036548482890

269 robertstho the Chopper (level 6, 0/52 HPs)
             Began as a Palentonga Berserker on Apr 2, 2021.
             Was a Believer of Trog.
             Slain by a gnoll
             ... wielding a +3 spear of freezing
              (1 damage)
             ... on level 4 of the Dungeon.
             The game lasted 00:04:34 (2814 turns).

robertstho the Chopper (Palentonga Berserker)       Turns: 2814, Time: 00:04:35

Health: 0/52       AC:  7    Str: 22    XL:     6   Next: 1%
Magic:  6/6        EV:  9    Int:  7    God:    Trog [**....]
Gold:   710        SH:  0    Dex: 10    Spells: 5/5 levels left

rFire    . . .     SeeInvis +   a - +0 hand axe
rCold    . . .     Faith    .   (no shield)
rNeg     . . .     Spirit   .   h - +0 ring mail
rPois    .         Reflect  .   g - +0 helmet
rElec    .         Harm     .   (no cloak)
rCorr    .         Rampage  .   (no gloves)
Will     .....                  (no barding)
Stlth    ..........             (no amulet)
HPRegen  0.17/turn              (no ring)
MPRegen  0.10/turn              (no ring)

@: berserk cooldown, slowed, very slow
A: large, rugged brown scales 3, see invisible, deformed body, roll 1, armoured
tail
a: Rolling Charge, Renounce Religion, Berserk, Trog's Hand


You were on level 4 of the Dungeon.
You worshipped Trog.
Trog was pleased with you.
You visited 1 branch of the dungeon, and saw 4 of its levels.

You collected 710 gold pieces.

Inventory:

Hand Weapons
 a - a +0 hand axe (weapon)
Armour
 g - a +0 helmet (worn)
 h - a +0 ring mail (worn)
Wands
 c - a wand of acid (9)
Scrolls
 b - a scroll of fog
 d - a scroll of identify


   Skills:
 * Level 4.4 Fighting
 + Level 4.7 Axes
 * Level 2.8 Armour
 + Level 2.1 Dodging


You had 5 spell levels left.
You didn't know any spells.
Your spell library was empty.

Dungeon Overview and Level Annotations

Branches:
Dungeon (4/15)
 Temple: D:4-7

Altars:
Sif Muna


Innate Abilities, Weirdness & Mutations

You are completely covered in rugged brown scales. (AC +3, +7% HP)
You have supernaturally acute eyesight. (SInv)
Armour fits poorly on your strangely shaped body.
You can roll at nearby foes to attack.
You have a long armoured tail.


Message History

You closely miss the orc wizard. You tail-slap the orc wizard.
You kill the orc wizard!
Trog accepts your kill.
Trog appreciates your killing of a magic user.
You slash the orc!
You kill the orc!
Trog accepts your kill.
You slash the orc wizard!
You hit the orc priest but do no damage.
The gnoll hits you from afar with a +3 spear of freezing!
* * * LOW HITPOINT WARNING * * *
The gnoll freezes you.
* * * LOW HITPOINT WARNING * * *
The orc priest hits you but does no damage.
A gnoll comes into view. It is wielding a +7 flail.
You are no longer berserk.
You are exhausted.
You feel yourself slow down.
Okay, then.
You aren't carrying any potions.
Okay, then.
Okay, then.
The orc wizard gestures at you while chanting.
The magic dart hits the orc wizard!
The orc wizard dies!
You have reached level 6!
Your experience leads to an increase in your attributes!
Increase (S)trength, (I)ntelligence, or (D)exterity?
You feel stronger.
Aiming: Corrosive Bolt
Press: ? - help, Shift-Dir - straight line, f - orc priest
Aim: an orc priest, wielding a +0 mace and wearing a +3 ring mail (moderately wounded, 25% to evade)
The bolt of acid hits the orc priest.
The orc priest is splashed with acid.
The acid corrodes the orc priest!
You kill the orc priest!
Trog accepts your kill.
The gnoll hits you from afar with a +3 spear of freezing.
* * * LOW HITPOINT WARNING * * *
The gnoll freezes you.
You die...

...... #.......#
#.....)..# .....###......#
#.....).##
##..#.#..#....###....†..#
..................<.....#
#.#.)).#..............#
.###.##..##.....!.......##
.)........#....#..##....#
............#..#.####..##
.#........@.#..... ...#
#.....†..o##...... ..#.#
#..#....g.w.##..##....#...
#..##...)g).#..##
.##...... .. ##.....o#..
>. .. ..........
.............
....g..........
#..............


You could see an orc wizard (invisible), 3 gnolls, a dart slug and an orc.

Vanquished Creatures
  2 orc priests (D:4)
  An iguana (D:4)
  4 orc wizards
  A gnoll (D:1)
  3 adders
  A howler monkey skeleton (D:4)
  A worm (D:4)
  2 dart slugs
  6 orcs
  4 endoplasms
  A giant cockroach (D:2)
  5 goblins
  6 hobgoblins
  2 jackals (D:4)
  3 kobolds
  A quokka (D:2)
  4 ball pythons
  2 bats
  3 frilled lizards
  4 rats
56 creatures vanquished.

Vanquished Creatures (others)
  An orc wizard (D:4)
1 creature vanquished.

Grand Total: 57 creatures vanquished

Notes
Turn   | Place    | Note
-------+----------+-------------------------------------------
     0 | D:1      | robertstho the Palentonga Berserker began the quest for the
                  | Orb.
     0 | D:1      | Reached XP level 1. HP: 19/19 MP: 1/1
   268 | D:1      | Reached XP level 2. HP: 25/25 MP: 2/2
   918 | D:1      | Identified a scroll of acquirement
   918 | D:1      | Acquired 584 gold pieces
  1225 | D:2      | Reached XP level 3. HP: 31/31 MP: 3/3
  2121 | D:3      | Found a shimmering blue altar of Sif Muna.
  2203 | D:3      | Reached XP level 4. HP: 39/39 MP: 4/4
  2294 | D:3      | Found a faded altar of an unknown god.
  2744 | D:4      | Reached ** piety under Trog
  2764 | D:4      | Reached XP level 5. HP: 44/44 MP: 5/5
  2814 | D:4      | Reached XP level 6. HP: 6/52 MP: 6/6
  2814 | D:4      | HP: 1/52 [gnoll/+3 spear of freezing (5)]
  2814 | D:4      | Slain by a gnoll

Illustrated notes

Levels and vault maps discovered:
D:1:      dpeg_arrival_snail, layout_rooms, chequers_serial_rivers_marsh
D:2:      layout_loops_corners, minivault_25
D:3:      layout_loops_ring, nicolae_overflow_hidden_temple,
          basic_ecumenical_altar
D:4:      layout_cave_pools

Skill      XL: |  1  2  3  4 |
---------------+-------------+-----
Armour         | 2 |  2.8
Fighting       | 4 |  4.4
Axes           | 4 |  4.7
Dodging        | 2 |  2.1

Action                   |  1- 3 |  4- 6 || total
-------------------------+-------+-------++-------
Melee: Hand axe          |    78 |    60 ||   138
       Tailslap          |     9 |     8 ||    17
Invok: Berserk           |       |     2 ||     2
 Abil: Rolling Charge    |    10 |     5 ||    15
Evoke: Wand              |       |     1 ||     1
  Use: Scroll            |     6 |       ||     6
 Stab: Confused          |       |     1 ||     1
Armor: Animal skin       |     5 |       ||     5
       Ring mail         |    21 |    26 ||    47
Dodge: Dodged            |    32 |    12 ||    44

Table legend: (Time is in decaauts)
 A = Elapsed time spent in this place.
 B = Non-inter-level travel time spent in this place.
 C = Inter-level travel time spent in this place.
 D = Time resting spent in this place.
 E = Time spent auto-exploring this place.
 F = Levels seen in this place.
 G = Mean time per level.
                   A        B        C        D        E       F      G
               +--------+--------+--------+--------+--------+-----+--------+
         Total |   2833 |   2567 |    266 |      0 |   2254 |   4 |  708.2 |
       Dungeon |   2833 |   2567 |    266 |      0 |   2254 |   4 |  708.2 |
               +--------+--------+--------+--------+--------+-----+--------+

Top non-repeatable levels by time:
     D:2: 1230 daAuts
     D:3: 802 daAuts
     D:1: 721 daAuts
     D:4: 79 daAuts
